AoeStats
← EmirR6S

Lombardia

507115714Analyzed
3v3 RM · 15d ago on Sep 16, 2026· 50m 39s· 6 players
Game mode
Random Map
Map size
Normal (6 player)
Population
200
Speed
Normal
Resources
Standard
Victory
Conquest
Starting age
Dark Age
Ending age
Imperial Age
RankedLock teamsTeams togetherTeam positionsShared explorationLock speedFull tech treeHidden civsTurbo modeCheats
Victory
Defeat
🇷🇴 Teutons · Romania
944
+15
🇷🇴 Cumans · Romania
928
+16
🇷🇴 Franks · Romania
846
+19
🇹🇷 Aztecs · Türkiye
942
-25
🇹🇷 Khmer · Türkiye
913
-16
🇹🇷 Teutons · Türkiye
901
-16
EmirR6S
12:45 Feudal Age
16:23 Castle Age
14:52 Double-Bit Axe
15:00 Horse Collar
22:00 Wheelbarrow
21:20 Stone Mining
21:41 Town Watch
25:50 Hand Cart
26:26 Bloodlines
29:49 Loom
30:11 Heavy Plow
30:22 Scale Barding Armor
33:09 Forging
33:09 Gold Mining
33:55 Stone Shaft Mining
34:35 Town Patrol
35:16 Iron Casting
34:41 Scale Mail Armor
35:18 Bow Saw
38:36 Imperial Age
37:39 Chain Barding Armor
39:15 Onager
39:18 Cavalier
42:16 Pikeman
44:06 Squires
45:54 Two-Man Saw
45:12 Paladin
45:41 Halberdier
47:06 Crop Rotation
47:56 Conscription
YANNICKKO
11:12 Feudal Age
9:27 Loom
10:44 Loom
19:07 Castle Age
17:49 Wheelbarrow
28:23 Hand Cart
35:18 Imperial Age
34:29 #83
34:17 Scale Barding Armor
34:23 Forging
34:13 Padded Archer Armor
34:20 Double-Bit Axe
34:31 Stone Mining
34:37 Gold Mining
37:00 Iron Casting
37:48 Gold Shaft Mining
36:49 Cavalier
37:53 Chain Barding Armor
38:49 Leather Archer Armor
39:35 Blast Furnace
39:48 Bow Saw
39:06 Elite Throwing Axeman
40:27 Paladin
42:11 Plate Barding Armor
George Droyd
12:31 Feudal Age
16:14 Double-Bit Axe
16:10 Horse Collar
18:50 Castle Age
17:34 Stone Mining
20:13 Wheelbarrow
19:42 Heavy Plow
19:54 Bow Saw
22:17 Bloodlines
24:20 Loom
25:19 Hand Cart
28:22 Pikeman
29:02 Squires
28:47 Arson
29:23 Gold Mining
31:17 Forging
31:13 Scale Barding Armor
33:31 Thumb Ring
33:43 Crossbowman
36:58 Imperial Age
37:03 Cavalier
37:24 Halberdier
41:08 Two-Man Saw
40:43 Crop Rotation
39:49 Paladin
40:42 Padded Archer Armor
40:33 Fletching
41:19 Iron Casting
41:04 Chain Barding Armor
41:34 Conscription
43:35 Bodkin Arrow
43:55 Leather Archer Armor
44:41 Blast Furnace
47:13 Elite Kipchak
50:37 Steppe Husbandry
50:40 Cuman Mercenaries
76561198089966853
2:54 Loom
10:28 Feudal Age
10:57 Double-Bit Axe
11:23 Horse Collar
15:29 Castle Age
15:01 Wheelbarrow
16:30 Bow Saw
18:26 Heavy Plow
22:32 Hand Cart
25:16 Gold Mining
25:19 Stone Mining
35:23 Imperial Age
32:53 Pikeman
36:50 Conscription
38:08 Scale Barding Armor
37:32 Elite Battle Elephant
40:06 Double Crossbow
41:29 Chain Barding Armor
43:36 Plate Barding Armor
45:28 Gold Shaft Mining
seyyarvatandas
8:16 Loom
12:16 Feudal Age
17:13 Castle Age
16:17 Horse Collar
18:59 Double-Bit Axe
20:24 Pikeman
27:51 Forging
38:11 Gold Mining
41:46 Wheelbarrow
40:37 Elite Skirmisher
43:10 Fletching
43:21 Padded Archer Armor
47:29 Imperial Age
45:25 Bodkin Arrow
45:47 Leather Archer Armor
48:19 Bracer
rabbuke
11:21 Feudal Age
11:53 Double-Bit Axe
16:16 Castle Age
14:31 Horse Collar
14:55 Loom
19:14 Bow Saw
22:01 Forging
23:37 Heavy Plow
26:02 Iron Casting
26:15 Squires
30:19 Scale Mail Armor
31:40 Chain Mail Armor
34:07 Imperial Age
36:24 Blast Furnace
35:38 Pikeman
39:52 Stone Mining
40:01 Fletching
40:11 Padded Archer Armor
40:43 Conscription
41:28 Wheelbarrow
40:38 Town Watch
42:47 Plate Mail Armor
42:09 Halberdier
43:23 Town Patrol
44:01 Crop Rotation
44:32 Two-Man Saw
45:06 Hand Cart
Connection lost

Rejoining the realm…

Still unreachable

The connection could not be restored.

Session expired

The server has moved on; the page needs a fresh start.